 Dungeon Crawl Stone Soup version 0.29-a0-375-g5102b3be25 (webtiles) character file.

Game seed: 2737186330074856928

1899 garrulousMonolith the Cleaver (level 9, -2/75 HPs)
             Began as a Hill Orc Fighter on May 4, 2022.
             Was a Follower of Beogh.
             Slain by a troll (8 damage)
             ... on level 6 of the Dungeon.
             The game lasted 00:08:46 (6474 turns).

garrulousMonolith the Cleaver (Hill Orc Fighter)    Turns: 6474, Time: 00:08:46

Health: -2/75      AC: 11    Str: 21    XL:     9   Next: 15%
Magic:  13/13      EV: 11    Int: 10    God:    Beogh [*.....]
Gold:   351        SH:  5    Dex: 10    Spells: 8/8 levels left

rFire   . . .      SeeInvis +   a - +0 war axe
rCold   . . .      Faith    .   c - +0 buckler
rNeg    . . .      Spirit   .   E - +0 swamp dragon scales
rPois   +          Reflect  .   (no helmet)
rElec   .          Harm     .   s - +0 cloak
rCorr   .          Rampage  .   k - +0 pair of gloves
Will    .....                   (no boots)
Stlth   ..........              (no amulet)
HPRegen 0.22/turn               u - ring of see invisible
MPRegen 0.13/turn               (no ring)

@: no status effects
A: no striking features
a: Renounce Religion


You were on level 6 of the Dungeon.
You worshipped Beogh.
Beogh was aware of your devotion.
You visited 1 branch of the dungeon, and saw 6 of its levels.

You collected 351 gold pieces.

Inventory:

Hand Weapons
 a - a +0 war axe (weapon)
 b - a +0 hunting sling
 D - a +1 scimitar of flaming
 H - a +0 dagger of venom
Missiles
 g - 201 stones (quivered)
Armour
 c - a +0 buckler (worn)
 k - a +0 pair of gloves (worn)
 o - a +0 scale mail
 s - a +0 cloak (worn)
 A - a scarf of shadows
 E - +0 swamp dragon scales (worn)
 J - +0 acid dragon scales
Magical Staves
 q - a staff of earth
 x - a staff of air
Jewellery
 u - a ring of see invisible (left hand)
 C - a ring of wizardry
Wands
 h - a wand of charming (6)
 t - a wand of digging (4)
 w - a wand of polymorph (7)
 y - a wand of acid (4)
Scrolls
 e - a scroll of magic mapping {unknown}
 f - a scroll of amnesia {unknown}
 i - 2 scrolls of noise {unknown}
 l - a scroll of enchant weapon {unknown}
 m - 2 scrolls of blinking
 z - a scroll of teleportation {unknown}
 B - a scroll of immolation {unknown}
 F - a scroll of fear {unknown}
 I - 2 scrolls of vulnerability {unknown}
Potions
 d - a potion of might
 j - 3 potions of curing
 n - 3 potions of flight
 p - 2 potions of resistance
 r - a potion of cancellation
 v - a potion of ambrosia
 G - a potion of invisibility {unknown}
 K - a potion of lignification


   Skills:
 + Level 6.2 Fighting
 * Level 8.6 Axes
 + Level 5.8 Armour
 + Level 3.4 Dodging
 + Level 5.7 Shields
 + Level 5.4 Invocations


You had 8 spell levels left.
You didn't know any spells.
Your spell library contained the following spells:

 Spells                   Type           Power      Damage    Failure   Level
 Freeze                   Ice            0%         1d3       58%         1
 Sting                    Tmut/Pois      0%         1d3       58%         1
 Ensorcelled Hibernation  Hex/Ice        0%         N/A       75%         2
 Passwall                 Tmut/Erth      0%         N/A       75%         2
 Poisonous Vapours        Pois/Air       0%         N/A       75%         2
 Dazzling Flash           Conj/Hex       0%         N/A       92%         3
 Frozen Ramparts          Ice            0%         1d2       92%         3
 Swiftness                Air            0%         N/A       92%         3
 Hailstorm                Conj/Ice       0%         3d3       100%        4
 Olgreb's Toxic Radiance  Pois           0%         N/A       100%        4
 Agony                    Necr           0%         N/A       100%        5
 Silence                  Hex/Air        0%         N/A       100%        5


Dungeon Overview and Level Annotations

Branches:
Dungeon (6/15)             Temple (0/1) D:5

Altars:
Uskayaw
The Shining One

Shops:
D:3 (   D:4 (


Message History

A troll is nearby!
Aiming: Corrosive Bolt
Press: ? - help, Shift-Dir - straight line, f - troll
Aim: a troll (71% to hit)
The bolt of acid hits the troll!
The acid corrodes the troll!
The troll is moderately wounded.
You closely miss the troll.
The troll is moderately wounded.
The troll bites you but does no damage. You block the troll's attack.
The troll barely misses you.
You closely miss the troll.
The troll is moderately wounded.
The troll bites you! The troll claws you but does no damage.
The troll misses you.
You barely miss the troll.
The troll is lightly wounded.
The troll closely misses you. The troll claws you! The troll barely misses you.
You slash the troll!
The troll is moderately wounded.
The troll bites you! You block the troll's attack.
The troll claws you but does no damage. The troll bites you!
The troll misses you. The troll claws you.
You hit the troll.
The troll is heavily wounded.
You block the troll's attack. The troll claws you.
The troll closely misses you.
You slash the troll!
The troll is severely wounded.
The troll is no longer covered in acid.
The troll barely misses you. The troll claws you!
* * * LOW HITPOINT WARNING * * *
The troll claws you but does no damage.
You hit the troll.
The troll is almost dead.
The troll bites you!
* * * LOW HITPOINT WARNING * * *
The troll claws you!
* * * LOW HITPOINT WARNING * * *
The troll claws you!
You die...

.#########.#........#
........##.#........#
........##.#........#
........##.#........#
........##..........#
....................#
..................(.#
.#..###.............#
.#.........####.@.###
.#...####..# #..T...#
...#+## #..#
#.........
##.....##..#
##......##
##.....##..# #...!..#
##.....##..# #......#
#.# ##.....##..#
######## #.#
....#+###..# #.#
....#..##[.# ##.##


You could see a troll.

Vanquished Creatures
  Maggie (D:6)
  A troll (D:6)
  2 water moccasins
  A swamp drake (D:4)
  A bullfrog (D:6)
  2 necrophages
  3 scorpions (D:5)
  A howler monkey (D:6)
  Crazy Yiuf (D:2)
  5 hounds
  A jelly (D:5)
  An iguana (D:6)
  2 orc wizards (D:5)
  8 adders
  A shadow imp (D:6)
  2 white imps (D:5)
  4 worms
  13 orcs
  5 bats
  7 endoplasms
  5 giant cockroaches
  7 goblins
  4 hobgoblins
  3 kobolds
  7 quokkas
  9 ball pythons
  3 frilled lizards
  11 rats
111 creatures vanquished.

Vanquished Creatures (collateral kills)
  An acid dragon (D:6)
  A phantom (D:6)
2 creatures vanquished.

Vanquished Creatures (others)
  A dart slug (D:3)
  2 orcs (D:3)
  A bat (D:3)
4 creatures vanquished.

Grand Total: 117 creatures vanquished

Notes
Turn   | Place    | Note
-------+----------+-------------------------------------------
     0 | D:1      | garrulousMonolith the Hill Orc Fighter began the quest for
                  | the Orb.
     0 | D:1      | Reached XP level 1. HP: 19/19 MP: 1/1
   112 | D:1      | Reached skill level 3 in Axes
   117 | D:1      | Reached XP level 2. HP: 20/27 MP: 2/2
  1062 | D:2      | Reached skill level 1 in Invocations
  1062 | D:2      | Reached XP level 3. HP: 18/33 MP: 3/3
  1565 | D:2      | Reached XP level 4. HP: 36/40 MP: 4/4
  1742 | D:2      | Found a runed translucent door.
  1743 | D:2      | Noticed Crazy Yiuf
  1980 | D:2      | Killed Crazy Yiuf
  1981 | D:2      | Reached skill level 4 in Axes
  1981 | D:2      | Reached skill level 1 in Dodging
  1988 | D:2      | HP: 2/40 [poisoned by Crazy Yiuf]
  2384 | D:3      | You fall into a shaft and drop 2 floors!
  2384 | D:5      | Entered Level 5 of the Dungeon
  2403 | D:5      | Noticed a necrophage
  2418 | D:5      | Reached XP level 5. HP: 37/46 MP: 6/6
  2770 | D:5      | Reached skill level 5 in Axes
  2770 | D:5      | Reached XP level 6. HP: 28/53 MP: 7/7
  3098 | D:5      | Noticed a water moccasin
  3122 | D:5      | Killed a water moccasin
  3123 | D:5      | Reached XP level 7. HP: 29/60 MP: 9/9
  3418 | D:3      | Found Ugoo's Weapon Shop.
  3510 | D:3      | Reached skill level 6 in Axes
  3655 | D:3      | Became a worshipper of Beogh the Brigand
  3756 | D:3      | Found a faded altar of an unknown god.
  4113 | D:4      | Reached skill level 5 in Fighting
  4113 | D:4      | Found Hyipn's Antique Weapon Shop.
  4220 | D:4      | Found a glowing golden altar of the Shining One.
  4275 | D:4      | Noticed Ijyb
  4278 | D:4      | Noticed Ijyb
  4278 | D:4      | Ijyb changed into Ijyb the swamp drake
  4287 | D:4      | Killed Ijyb the swamp drake
  4998 | D:5      | Reached XP level 8. HP: 68/68 MP: 10/10
  5139 | D:5      | Found a staircase to the Ecumenical Temple.
  5338 | D:5      | Found a hide-covered altar of Uskayaw.
  5341 | D:5      | Reached * piety under Beogh
  5573 | D:6      | Noticed Maggie
  5590 | D:6      | Killed Maggie
  5591 | D:6      | Reached skill level 7 in Axes
  5591 | D:6      | Reached skill level 5 in Armour
  5591 | D:6      | Reached skill level 5 in Shields
  5998 | D:6      | Noticed a troll
  6017 | D:6      | Reached skill level 8 in Axes
  6017 | D:6      | Reached skill level 5 in Invocations
  6063 | D:6      | Killed a troll
  6064 | D:6      | Reached XP level 9. HP: 11/75 MP: 11/13
  6464 | D:6      | Noticed a troll
  6474 | D:6      | Slain by a troll

Illustrated notes

Levels and vault maps discovered:
D:1:      saegor_arrival_simple_c, layout_basic, st_stairs_11
D:2:      layout_basic, uniq_crazy_yiuf_cottage
D:3:      layout_loops_ring, gup_sewer_entry_pipe, basic_ecumenical_altar,
          serial_shops, nicolae_square_shop
D:4:      layout_basic, tso_metal_star, serial_shops, shop_statue, uniq_ijyb
D:5:      nicolae_cairo_tiling_large, layout_gridville, marbit_many_paths,
          minmay_temple_entry_tees, dk_noncrumbling_3
D:6:      minmay_general_purpose_star, layout_basic, kennysheep_mini_moat,
          uniq_sigmund, uniq_maggie, uniq_edmund

Skill      XL: |  1  2  3  4  5  6  7  8 |
---------------+-------------------------+-----
Axes           | 3 4 5 6 8 |  8.6
Invocations    | 1 2 3 5 |  5.4
Fighting       | 4 5 6 |  6.2
Dodging        | 1 2 3 |  3.4
Armour         | 4 5 |  5.8
Shields        | 4 5 |  5.7

Action                   |  1- 3 |  4- 6 |  7- 9 || total
-------------------------+-------+-------+-------++-------
Melee: War axe           |    84 |    92 |   214 ||   390
 Fire: Hunting sling     |    14 |     1 |       ||    15
Invok: Convert to Beogh  |       |       |     1 ||     1
Evoke: Wand              |       |       |    10 ||    10
  Use: Scroll            |     1 |     1 |     4 ||     6
       Potion            |       |     3 |     4 ||     7
Armor: Scale mail        |    51 |    28 |    79 ||   158
       Skin              |       |    46 |       ||    46
       Swamp dragon scal |       |       |    41 ||    41
Dodge: Dodged            |    43 |    35 |   123 ||   201
Block: Buckler           |    21 |    16 |    48 ||    85

Table legend: (Time is in decaauts)
 A = Elapsed time spent in this place.
 B = Non-inter-level travel time spent in this place.
 C = Inter-level travel time spent in this place.
 D = Time resting spent in this place.
 E = Time spent auto-exploring this place.
 F = Levels seen in this place.
 G = Mean time per level.
                   A        B        C        D        E       F      G
               +--------+--------+--------+--------+--------+-----+--------+
         Total |   6596 |   6433 |    163 |   1772 |   3607 |   6 | 1099.3 |
       Dungeon |   6596 |   6433 |    163 |   1772 |   3607 |   6 | 1099.3 |
               +--------+--------+--------+--------+--------+-----+--------+

Top non-repeatable levels by time:
     D:5: 1720 daAuts
     D:2: 1383 daAuts
     D:1: 1020 daAuts
     D:6: 911 daAuts
     D:4: 817 daAuts
     D:3: 743 daAuts
